 Dungeon Crawl Stone Soup version 0.18-a0-1789-gbeff17f (webtiles) character file.

408 macross the Skirmisher (level 6, -18/48 HPs)
             Began as a Demonspawn Berserker on Apr 21, 2016.
             Was a Priest of Trog.
             Demolished by an ogre
             ... wielding a +0 giant club
              (20 damage)
             ... on level 4 of the Dungeon.
             The game lasted 00:21:02 (3678 turns).

macross the Skirmisher (Demonspawn Berserker)       Turns: 3678, Time: 00:21:03

Health: -18/48     AC:  9    Str: 21    XL:     6   Next: 57%
Magic:  6/6        EV: 11    Int:  9    God:    Trog [***...]
Gold:   174        SH:  0    Dex: 12    Spells: 0 memorised, 5 levels left

rFire  . . .     SeeInvis .     a - +0 hand axe
rCold  . . .     Gourm    .     q - +0 scale mail
rNeg   . . .     Faith    .     (no shield)
rPois  .         Spirit   .     (helmet restricted)
rElec  .         Dismiss  .     (no cloak)
rCorr  .         Reflect  .     f - +0 pair of gloves
SustAt .         Harm     .     (no boots)
MR     .....                    (no amulet)
Stlth  +.........               (no ring)
                                y - +2 ring of strength

@: not resistant to hostile enchantments, very unstealthy
A: horns 1, icy blue scales 1, nightstalker 1
a: Berserk, Trog's Hand, Burn Spellbooks, Renounce Religion


You were on level 4 of the Dungeon.
You worshipped Trog.
Trog was most pleased with you.
You were not hungry.

You visited 1 branch of the dungeon, and saw 4 of its levels.

You collected 174 gold pieces.

Inventory:

Hand Weapons
 a - a +0 hand axe (weapon)
 w - a +0 morningstar
Missiles
 l - 131 stones (quivered)
Armour
 b - a +0 animal skin
 e - a +0 ring mail
 f - a +0 pair of gloves (worn)
 m - a +0 helmet
 o - a +2 helmet
 q - a +0 scale mail (worn)
Jewellery
 y - a +2 ring of strength (left hand)
Scrolls
 c - 3 scrolls of teleportation {unknown}
 g - 2 scrolls of remove curse {unknown}
 h - a scroll of enchant weapon {unknown}
 n - 2 scrolls of noise
 p - 2 scrolls of magic mapping {unknown}
 r - 3 scrolls of identify {unknown}
 x - a scroll of recharging {unknown}
Potions
 d - 2 potions of agility {unknown}
 i - 2 potions of curing
 j - a potion of cure mutation {unknown}
 k - 2 potions of resistance {unknown}
 s - 2 potions of brilliance {unknown}
 t - 2 potions of lignification {unknown}
Comestibles
 u - a meat ration
 v - 3 fruits


   Skills:
 + Level 4.2 Fighting
 + Level 4.0 Axes
 + Level 3.4 Armour
 + Level 3.9 Dodging


You had 5 spell levels left.
You didn't know any spells.

Dungeon Overview and Level Annotations

Branches:
Dungeon (4/15)             Temple (0/1) D:4

Altars:
Ashenzari
Cheibriados
Okawaru
Pakellas
Qazlal
Ru
Sif Muna


Innate Abilities, Weirdness & Mutations

You have a pair of small horns on your head.
You are partially covered in icy blue scales (AC +1).
You are slightly more attuned to the shadows.


Message History

The ogre is lightly wounded.
The ogre closely misses you.
You hit the ogre but do no damage.
The ogre is lightly wounded.
The ogre closely misses you.
Your scale mail prevents you from hitting the ogre.
The ogre is lightly wounded.
The ogre barely misses you.
You hit the ogre.
The ogre is moderately wounded.
The ogre hits you with a giant club!!
* * * LOW HITPOINT WARNING * * *
You slash the ogre!
The ogre is heavily wounded.
The ogre hits you with a giant club.
* * * LOW HITPOINT WARNING * * *
You slash the ogre! You headbutt the ogre.
The ogre is almost dead.
The ogre hits you with a giant club!!
You die...

### ### #.# #.# ..#
#.. #... #.###.# #..
#.).. #...#.# #..
#.... #.#.#.# #.#
....##.#.#.#########.#
.....#.#.............#
##.#.O.#.............#
#....@.#.............#
#........#.#########.#
#..###.###.# #.# ....
.... ... #.. ...
......... ... ( ......
##. ......# .


You could see an ogre.

Vanquished Creatures
  The ghost of Gandalfino the Skirmisher, an amateur DsBe of Trog (D:3)
  A howler monkey (D:4)
  2 orc wizards (D:4)
  Robin (D:2)
  3 gnolls (D:3)
  5 adders
  An ooze (D:1)
  4 worms
  The ghost of Denapoli the Shooter, a weakling CeHu (D:4)
  3 dart slugs (D:2)
  2 giant geckos (D:2)
  11 orcs
  9 bats
  4 giant cockroaches
  19 goblins
  17 hobgoblins
  A quokka (D:3)
  A giant gecko skeleton (D:3)
  A giant gecko zombie (D:4)
  2 giant newts
  8 kobolds
  13 rats
110 creatures vanquished.

Notes
Turn   | Place    | Note
--------------------------------------------------------------
     0 | D:1      | macross the Demonspawn Berserker began the quest for the Orb.
     0 | D:1      | Reached XP level 1. HP: 18/18 MP: 1/1
   266 | D:1      | Gained mutation: You are partially covered in icy blue scales (AC +1). [demonic ancestry]
   266 | D:1      | Reached XP level 2. HP: 21/24 MP: 2/2
  1399 | D:2      | Noticed Robin
  1408 | D:2      | Gained mutation: You are slightly more attuned to the shadows. [demonic ancestry]
  1408 | D:2      | Reached XP level 3. HP: 29/29 MP: 3/3
  1414 | D:2      | Reached ** piety under Trog
  1434 | D:2      | Killed Robin
  1524 | D:2      | Reached XP level 4. HP: 23/35 MP: 4/4
  1738 | D:2      | Found a snail-covered altar of Cheibriados.
  2041 | D:2      | Found an oddly glowing altar of Pakellas.
  2044 | D:2      | Found a sacrificial altar of Ru.
  2045 | D:2      | Found a stormy altar of Qazlal.
  2058 | D:2      | Found an iron altar of Okawaru.
  2061 | D:2      | Found a deep blue altar of Sif Muna.
  2335 | D:3      | Reached *** piety under Trog
  2353 | D:3      | Reached XP level 5. HP: 12/42 MP: 5/5
  2690 | D:3      | Found a shattered altar of Ashenzari.
  2945 | D:3      | Noticed Gandalfino's ghost (amateur DsBe)
  2962 | D:3      | Killed Gandalfino's ghost
  3007 | D:3      | Gained mutation: You have a pair of small horns on your head. [demonic ancestry]
  3007 | D:3      | Reached XP level 6. HP: 48/48 MP: 6/6
  3365 | D:4      | Noticed Denapoli's ghost (weakling CeHu)
  3369 | D:4      | Killed Denapoli's ghost
  3487 | D:4      | Found a staircase to the Ecumenical Temple.
  3677 | D:4      | HP: 2/48 [ogre/giant club (6)]
  3678 | D:4      | Demolished by an ogre

Vault maps used:
D:1:      dpeg_arrival_tiny_c
D:2:      old_standard_altar, minmay_overflow_temple_star_hex, uniq_robin
D:3:      evilmike_ruin_ashenzari, corexii_shack, minmay_misc_feat_encased
D:4:      minmay_temple_entry_statues_fountains

Skill      XL: |  1  2  3  4  5  6 |
---------------+-------------------+-----
Dodging        | 2 3 |  3.9
Armour         | 2 3 |  3.4
Axes           | 3 4 |  4.0
Fighting       | 4 |  4.2

Action                   |  1- 3 |  4- 6 || total
-------------------------+-------+-------++-------
Melee: Hand axe          |    99 |   237 ||   336
       Headbutt          |       |    17 ||    17
Invok: Berserk           |     1 |     5 ||     6
  Use: Potion            |       |     2 ||     2
       Scroll            |       |     1 ||     1
  Eat: Fruit             |     2 |     1 ||     3
       Bread ration      |       |     2 ||     2
       Meat ration       |       |     1 ||     1
Armor: Animal skin       |     5 |       ||     5
       Ring mail         |    35 |    10 ||    45
       Skin              |     1 |       ||     1
       Scale mail        |       |   133 ||   133
Dodge: Dodged            |    71 |   180 ||   251
